[Event "Late-Titled-Tuesday-Blitz-August-29-2023"]
[Site "Chess.com"]
[Date "2023.08.29"]
[Round "6"]
[White "colegiodemadrid"]
[Black "Meri-Arabidze"]
[Result "0-1"]
[WhiteElo "2449"]
[BlackElo "2613"]
[TimeControl "180+1"]
[EndTime "15:00:50 PDT"]
[Termination "Meri-Arabidze won by resignation"]

1. e4 c5 2. Nf3 e6 3. d4 cxd4 4.
Nxd4 Nc6 5. Nc3 a6 6. g3 Qc7 7.
Bg2 Nf6 8. O-O Bc5 9. Nxc6 dxc6 10. Na4 Ba7 11. c4 e5 12. c5 O-O 13. b4 Be6 14. Qc2 Rad8 15. Bg5 h6 16. Bxf6 gxf6 17. Rad1 Kg7 18.
f4 Rxd1 19. Rxd1 exf4 20. Rd6 Qxd6 0-1

[Event "Late-Titled-Tuesday-Blitz-August-29-2023"]
[Site "Chess.com"]
[Date "2023.08.29"]
[Round "6"]
[White "HajiyevKanan"]
[Black "Akhayan"]
[Result "0-1"]
[WhiteElo "2466"]
[BlackElo "2310"]
[TimeControl "180+1"]
[EndTime "15:01:05 PDT"]
[Termination "Akhayan won by resignation"]

1. d4 Nf6 2. Nf3 g6 3. c4 Bg7 4. g3 O-O 5. Bg2 c6 6. O-O d5 7. b3 a5 8. Nc3 Ne4 9. Bb2 Bf5 10. e3 Nd7 11. Nh4 Nxc3 12. Bxc3 Be6 13. f4 dxc4 14. e4 Nb6 15. f5 gxf5 16. Nxf5 Bxf5 17. Rxf5 e6 18. Rxa5 Rxa5 19. Bxa5 Qxd4+ 20. Qxd4 Bxd4+ 21. Kf1 Bxa1 22. Bxb6 c3 23. Kf2 c2 0-1

[Event "Late-Titled-Tuesday-Blitz-August-29-2023"]
[Site "Chess.com"]
[Date "2023.08.29"]
[Round "6"]
[White "Eternauta2400"]
[Black "SHIVACalypso"]
[Result "1-0"]
[WhiteElo "2843"]
[BlackElo "2523"]
[TimeControl "180+1"]
[EndTime "15:01:06 PDT"]
[Termination "Eternauta2400 won by resignation"]

1. c4 e5 2. Nc3 Nc6 3. Nf3 Bc5 4. Nxe5 Nxe5 5. d4 Bb4 6. dxe5 Bxc3+ 7. bxc3 Qe7 8. Qd4 Nh6 9. Bxh6 gxh6 10. g3 Rg8 11. Bg2 d6 12. exd6 cxd6 13. O-O Be6 14. Rab1 Rb8 15.
Qxa7 Qc7 16. Rxb7 Rxb7 17. Qxb7 Qxb7 18. Bxb7 Bxc4 19. a4 Kd7 20. Bf3 Ra8 21. Bxa8 1-0

[Event "Late-Titled-Tuesday-Blitz-August-29-2023"]
[Site "Chess.com"]
[Date "2023.08.29"]
[Round "6"]
[White "Rutricks"]
[Black "superfast64"]
[Result "1-0"]
[WhiteElo "2626"]
[BlackElo "2466"]
[TimeControl "180+1"]
[EndTime "15:01:22 PDT"]
[Termination "Rutricks won by resignation"]

1. Nf3 c6 2. b3 d5 3. Bb2 Bf5 4. e3 e6 5. Be2 Nd7 6. O-O Ngf6 7.
c4 Bd6 8. Nc3 Qe7 9. Rc1 Ba3 10.
Bxa3 Qxa3 11. d3 h6 12. h3 a6 13. Qd2 Qd6 14. Qc2 e5 15. e4 dxe4 16. dxe4 Bh7 17. Na4 Nxe4 18. Bd3 Ndc5 19. Nxc5 Nxc5 20. Bxh7 g6 21.
Rcd1 Qf6 22. Bxg6 fxg6 23. Nxe5 g5 24. Rfe1 O-O 25. b4 Na4 26. Ng4 1-0

[Event "Late-Titled-Tuesday-Blitz-August-29-2023"]
[Site "Chess.com"]
[Date "2023.08.29"]
[Round "6"]
[White "mistrzemi"]
[Black "santosalberto1987"]
[Result "1-0"]
[WhiteElo "2375"]
[BlackElo "2543"]
[TimeControl "180+1"]
[EndTime "15:01:23 PDT"]
[Termination "mistrzemi won by resignation"]

1. e4 e6 2. d4 d5 3. exd5 exd5 4. Nf3 Bd6 5. c4 c6 6. Nc3 Nf6 7. Bg5 h6 8. Bxf6 Qxf6 9. cxd5 cxd5 10. Nxd5 Qe6+ 11.
Ne3 Bb4+ 12. Nd2 O-O 13. Bc4 Qb6 14. O-O Qxd4 15. Nf3 Qxd1 16. Rfxd1 Nc6 17. Rac1 Bg4 18. Nxg4 1-0

[Event "Late-Titled-Tuesday-Blitz-August-29-2023"]
[Site "Chess.com"]
[Date "2023.08.29"]
[Round "6"]
[White "Goffredo_Fofi"]
[Black "KNVB"]
[Result "0-1"]
[WhiteElo "2535"]
[BlackElo "2814"]
[TimeControl "180+1"]
[EndTime "15:01:48 PDT"]
[Termination "KNVB won by resignation"]

1. g3 d5 2. Bg2 c6 3. b3 Nf6 4.
Bb2 Bf5 5. d3 e6 6. Nd2 h6 7. e4 Bh7 8. Qe2 Be7 9. Ngf3 a5 10.
a3 O-O 11. O-O Re8 12. h4 c5 13. Nh2 a4 14. Rad1 axb3 15. cxb3 Nc6 16. Ndf3 Qb6 17. e5 Nd7 18. Nd2 Qb5 19. Ndf3 Qxb3 20.
g4 b5 21. g5 h5 22. Ne1 Bg6 23. Bf3 b4 24. axb4 Ra2 25. Rb1 Nd4 26. Bxd4 Qxb1 0-1

[Event "Late-Titled-Tuesday-Blitz-August-29-2023"]
[Site "Chess.com"]
[Date "2023.08.29"]
[Round "6"]
[White "HenriL"]
[Black "Zampronha1971"]
[Result "1-0"]
[WhiteElo "2512"]
[BlackElo "2301"]
[TimeControl "180+1"]
[EndTime "15:02:00 PDT"]
[Termination "HenriL won by resignation"]

1. d4 Nf6 2. Nf3 e6 3. g3 d5 4. Bg2 b5 5. O-O Be7 6. a4 b4 7.
a5 c5 8. dxc5 Bxc5 9. c3 bxc3 10.
Nxc3 O-O 11. Ne5 Nfd7 12. Nd3 Ba6 13. Nxc5 Nxc5 14. b4 Ncd7 15. b5 Bc8 16. e4 Qf6 17.
Bb2 a6 18. exd5 axb5 19. dxe6 Ra7 20. exd7 Rxd7 21. Qb3 Rd3 22. Be4 Rd4 23. Nxb5 1-0

[Event "Late-Titled-Tuesday-Blitz-August-29-2023"]
[Site "Chess.com"]
[Date "2023.08.29"]
[Round "6"]
[White "GMBenjaminBok"]
[Black "Druid24"]
[Result "1-0"]
[WhiteElo "2916"]
[BlackElo "2669"]
[TimeControl "180+1"]
[EndTime "15:02:15 PDT"]
[Termination "GMBenjaminBok won by resignation"]

1. d4 Nf6 2. c4 g6 3. g3 Bg7 4.
Bg2 O-O 5. Nc3 d6 6. Nf3 c6 7. e4 Bg4 8. O-O Na6 9. h3 Bxf3 10.
Bxf3 e5 11. d5 c5 12. h4 Nc7 13. h5 a6 14. a4 Rb8 15. a5 Nfe8 16. Kg2 f5 17.
hxg6 hxg6 18. Rh1 f4 19. Bg4 Nf6 20. gxf4 exf4 21. Qf3 Nxg4 22. Qxg4 Qf6 23. Rh3 Rbe8 24. Ra3 Re5 25. Kf1 Rg5 26. Qd7 Rf7 27. Qc8+ Bf8 28.
Ne2 f3 29. Raxf3 1-0

[Event "Late-Titled-Tuesday-Blitz-August-29-2023"]
[Site "Chess.com"]
[Date "2023.08.29"]
[Round "6"]
[White "CheckThis4"]
[Black "YQPerez"]
[Result "1-0"]
[WhiteElo "2664"]
[BlackElo "2882"]
[TimeControl "180+1"]
[EndTime "15:02:15 PDT"]
[Termination "CheckThis4 won by resignation"]

1. e4 d5 2. exd5 Nf6 3. Nf3 Bg4 4. Bb5+ Nbd7 5. h3 Bh5 6. Nc3 a6 7. Be2 Nb6 8. O-O Nbxd5 9. Nxd5 Qxd5 10. c4 Qd6 11. d4 e6 12. Be3 Be7 13. Ne5 Bxe2 14.
Qxe2 O-O 15. Rad1 c6 16. Bf4 Qd8 17. b3 a5 18. Bg3 a4 19. Rfe1 axb3 20. axb3 Ra3 21.
Rd3 Bb4 22. Red1 Re8 23. Bh4 Be7 24. Bxf6 Bxf6 25. c5 Qd5 26. Nc4 Rd8 27. Nxa3 1-0

[Event "Late-Titled-Tuesday-Blitz-August-29-2023"]
[Site "Chess.com"]
[Date "2023.08.29"]
[Round "6"]
[White "ckgchess"]
[Black "ArmanGhevondyanchess"]
[Result "1-0"]
[WhiteElo "2874"]
[BlackElo "2286"]
[TimeControl "180+1"]
[EndTime "15:02:16 PDT"]
[Termination "ckgchess won by resignation"]

1. e4 c5 2. c3 d5 3. exd5 Qxd5 4. d4 Nf6 5. Nf3 Bg4 6. Be2 e6 7. h3 Bh5 8. O-O Be7 9. Be3 cxd4 10. cxd4 O-O 11. Nc3 Qa5 12. Qb3 Nbd7 13. Rfd1 Nd5 14. Qxb7 Nxe3 15. fxe3 Rfd8 16. Qb5 Qc7 17. Qxh5 Rab8 18.
Rac1 Rxb2 19. Nd5 Qd6 20. Nxe7+ Qxe7 21. Bf1 Rxa2 22. Ra1 Nf6 23. Qc5 Qxc5 24. dxc5 Rxd1 25. Rxd1 Kf8 26. Ne5 Nd5 27. Bc4 Nxe3 28. Bxa2 1-0

[Event "Late-Titled-Tuesday-Blitz-August-29-2023"]
[Site "Chess.com"]
[Date "2023.08.29"]
[Round "6"]
[White "jinbojinbo"]
[Black "dropstoneDP"]
[Result "0-1"]
[WhiteElo "2670"]
[BlackElo "2966"]
[TimeControl "180+1"]
[EndTime "15:02:18 PDT"]
[Termination "dropstoneDP won by resignation"]

1. e4 e5 2. Nf3 Nf6 3. Nxe5 d6 4. Nf3 Nxe4 5. d4 d5 6. Bd3 Bd6 7. O-O O-O 8. Re1 Bf5 9. c4 c6 10. Nc3 Nxc3 11. bxc3 Bxd3 12. Qxd3 dxc4 13. Qxc4 b5 14. Qd3 Nd7 15. a4 bxa4 16. Rxa4 Nc5 17. Qc2 Nxa4 18. Qxa4 c5 19. Be3 cxd4 20. Bxd4 Re8 21.
Rd1 Qc7 22. g3 h6 23. Qa6 Bc5 24. Qc4 Rac8 25. Ra1 Bxd4 26. Qxd4 Qxc3 27. Kg2 Qxd4 28. Nxd4 Re7 29. Ra6 Rc5 30. Nc6 Re6 0-1

[Event "Late-Titled-Tuesday-Blitz-August-29-2023"]
[Site "Chess.com"]
[Date "2023.08.29"]
[Round "6"]
[White "Ali_rastbod"]
[Black "Der_Honigdachs"]
[Result "0-1"]
[WhiteElo "2665"]
[BlackElo "2526"]
[TimeControl "180+1"]
[EndTime "15:02:41 PDT"]
[Termination "Der_Honigdachs won by resignation"]

1. d4 Nf6 2. Nf3 e6 3. c3 b6 4. h3 Bb7 5. Bf4 Be7 6. e3 O-O 7. Nbd2 d5 8. Bd3 c5 9. Qe2 Ne4 10. O-O Nd7 11. Ne5 Nxe5 12. dxe5 Nxd2 13. Qxd2 f5 14.
exf6 Bxf6 15. Qc2 h6 16. Rad1 e5 17. Bg3 Qe7 18. c4 e4 19. Be2 d4 20. Bg4 Be5 21.
Bxe5 Qxe5 22. a3 Rad8 23. b4 h5 24. exd4 cxd4 25. Be2 d3 26. Bxd3 exd3 27. Rxd3 Qe4 0-1

[Event "Late-Titled-Tuesday-Blitz-August-29-2023"]
[Site "Chess.com"]
[Date "2023.08.29"]
[Round "6"]
[White "Ajedrecista3000"]
[Black "DanielNaroditsky"]
[Result "0-1"]
[WhiteElo "2696"]
[BlackElo "3097"]
[TimeControl "180+1"]
[EndTime "15:02:42 PDT"]
[Termination "DanielNaroditsky won by resignation"]

1. Nf3 Nf6 2. c4 g6 3. Nc3 Bg7 4. g3 d6 5. d4 O-O 6. Bg2 Nbd7 7. O-O e5 8. e4 c6 9. h3 Qa5 10. Re1 exd4 11. Nxd4 Ne5 12. Nb3 Qc7 13. Qe2 Be6 14. Nd2 Rfe8 15. f4 Ned7 16. Nf3 Nb6 17. b3 Nxe4 18.
Nxe4 Bxa1 19. Bb2 Bxb2 20. Qxb2 Nd7 21. Rd1 d5 22. Neg5 dxc4 23. bxc4 Qb6+ 24. Qxb6 Nxb6 25. c5 Nd5 26. Ne5 Ne3 27. Rb1 Nxg2 28. Kxg2 Bd5+ 29.
Ngf3 f6 0-1

[Event "Late-Titled-Tuesday-Blitz-August-29-2023"]
[Site "Chess.com"]
[Date "2023.08.29"]
[Round "6"]
[White "K2JW"]
[Black "protectiago"]
[Result "1-0"]
[WhiteElo "2352"]
[BlackElo "2095"]
[TimeControl "180+1"]
[EndTime "15:02:45 PDT"]
[Termination "K2JW won by checkmate"]

1. e4 e5 2. Nf3 Nc6 3. Bc4 Bc5 4.
c3 Nf6 5. d3 h6 6. Nbd2 O-O 7.
O-O a5 8. Re1 d6 9. Bb3 Bb6 10.
Nc4 Ba7 11. d4 b5 12. Ne3 Bb7 13. Nf5 Re8 14. Bxh6 exd4 15. Bxg7 Rxe4 16. Bxf7+ Kxf7 17. Ng5+ Kg6 18. Nxe4 Nxe4 19. Rxe4 Kxf5 20. Qg4# 1-0

[Event "Late-Titled-Tuesday-Blitz-August-29-2023"]
[Site "Chess.com"]
[Date "2023.08.29"]
[Round "6"]
[White "ferrufino64"]
[Black "garfield_pg"]
[Result "0-1"]
[WhiteElo "2124"]
[BlackElo "2395"]
[TimeControl "180+1"]
[EndTime "15:02:48 PDT"]
[Termination "garfield_pg won by checkmate"]

1. e4 c5 2. Nf3 Nc6 3. d4 cxd4 4.
Nxd4 g6 5. c4 Nf6 6. Nc3 d6 7.
Be2 Nxd4 8. Qxd4 Bg7 9. Be3 O-O 10. Qd2 a5 11. O-O a4 12. Kh1 Qa5 13. f4 Be6 14.
Rac1 Rfc8 15. b3 axb3 16. axb3 Qb4 17. Nd5 Qxd2 18. Nxf6+ Bxf6 19. Bxd2 Ra2 20. Rfd1 Rca8 21. Kg1 Rb2 22. Rb1 Rxb1 23. Rxb1 Ra2 24. Rd1 Rb2 25.
b4 Bd4+ 26. Kf1 f5 27. exf5 Bxf5 28. Be1 Be3 29. Bf3 b6 30. Bd5+ Kf8 31. Ra1 Bd3# 0-1

[Event "Late-Titled-Tuesday-Blitz-August-29-2023"]
[Site "Chess.com"]
[Date "2023.08.29"]
[Round "6"]
[White "FMOlexandrProhorov"]
[Black "Bala-Afiada"]
[Result "1-0"]
[WhiteElo "2289"]
[BlackElo "1975"]
[TimeControl "180+1"]
[EndTime "15:02:50 PDT"]
[Termination "FMOlexandrProhorov won by resignation"]

1. e4 c5 2. c3 Nf6 3. e5 Nd5 4. g3 d6 5. exd6 Qxd6 6. Bg2 Nc6 7. Nf3 e5 8. O-O Be7 9. d4 exd4 10. cxd4 cxd4 11.
Nxd4 Nxd4 12. Qxd4 Nf6 13. Qxd6 Bxd6 14. Re1+ Kd8 15.
Nc3 Re8 16. Rd1 Ke7 17. Bg5 Bg4 18. Nd5+ Ke6 19. Re1+ Kf5 20. Bxf6 gxf6 21. h3 Rxe1+ 22. Rxe1 Bh5 23. g4+ Bxg4 24. hxg4+ Kxg4 25. Nxf6+ 1-0

[Event "Late-Titled-Tuesday-Blitz-August-29-2023"]
[Site "Chess.com"]
[Date "2023.08.29"]
[Round "6"]
[White "AvitalBor"]
[Black "JSlaby"]
[Result "1-0"]
[WhiteElo "2754"]
[BlackElo "2520"]
[TimeControl "180+1"]
[EndTime "15:03:00 PDT"]
[Termination "AvitalBor won by resignation"]

1. e4 c5 2. Nc3 Nc6 3. g3 g6 4.
Bg2 Bg7 5. f4 e6 6. Nf3 Nge7 7. O-O O-O 8. e5 d6 9. exd6 Nf5 10. d3 Qxd6 11. Ne4 Qe7 12. c3 Rd8 13. Qe2 b6 14. Ne5 Nxe5 15. fxe5 Bb7 16. Bg5 Qc7 17.
Bxd8 Rxd8 18. Nf6+ Kh8 19. Bxb7 Qxb7 20. Rf3 b5 21.
Raf1 b4 22. g4 Nh4 23. Rh3 g5 24. Qe4 Qxe4 25. Nxe4 h6 26. Rxf7 bxc3 27. bxc3 Bxe5 28. Nf6 Bxf6 29. Rxf6 Kg7 30. Rxe6 Rb8 31. Re7+ Kf6 32. Rhe3 Rb1+ 33. Kf2 Rb2+ 1-0

[Event "Late-Titled-Tuesday-Blitz-August-29-2023"]
[Site "Chess.com"]
[Date "2023.08.29"]
[Round "6"]
[White "WPWPWP-2015"]
[Black "ilya2700"]
[Result "0-1"]
[WhiteElo "2561"]
[BlackElo "2138"]
[TimeControl "180+1"]
[EndTime "15:03:04 PDT"]
[Termination "ilya2700 won by checkmate"]

1. d4 d5 2. c4 c6 3. Nf3 Nf6 4. Nc3 e6 5. g3 dxc4 6. e4 b5 7. e5 Nd5 8. Bg2 Bb7 9. O-O Nd7 10. a4 a6 11. Re1 Be7 12. Ne4 Qb6 13. a5 Qc7 14.
Bd2 c5 15. dxc5 Nxc5 16. Nxc5 Bxc5 17. Ng5 O-O-O 18. Rc1 Nb4 19. Bxb7+ Qxb7 20. Ne4 Qd5 21. Qf3 Nd3 22. Qxf7 Rhf8 23. Qxg7 Nxf2 24. Nxc5 Nh3# 0-1

[Event "Late-Titled-Tuesday-Blitz-August-29-2023"]
[Site "Chess.com"]
[Date "2023.08.29"]
[Round "6"]
[White "Sinquefield"]
[Black "miraitrunks"]
[Result "1-0"]
[WhiteElo "2434"]
[BlackElo "2027"]
[TimeControl "180+1"]
[EndTime "15:03:11 PDT"]
[Termination "Sinquefield won by checkmate"]

1. d4 d5 2. Nf3 Nf6 3. c3 Bf5 4. Qb3 b6 5. Bg5 Nbd7 6. e3 e6 7. Ne5 h6 8. Bh4 g5 9. Bg3 Bd6 10. Bb5 O-O 11. Nxd7 Nxd7 12. Bxd6 cxd6 13. Nd2 a6 14. Be2 b5 15. O-O Nb6 16. f4 g4 17.
Qd1 Qh4 18. g3 Qh3 19. Rf2 Nc4 20. Nxc4 bxc4 21. b3 cxb3 22. axb3 Kh7 23. b4 h5 24.
Bf1 h4 25. Bxh3 hxg3 26. hxg3 gxh3 27. Qh5+ Kg7 28. Qg5+ Kh7 29. g4 Rg8 30. Qh5+ Kg7 31. gxf5 Kf6+ 32. Kh2 Rg2+ 33. Rxg2 hxg2 34. Qg5# 1-0

[Event "Late-Titled-Tuesday-Blitz-August-29-2023"]
[Site "Chess.com"]
[Date "2023.08.29"]
[Round "6"]
[White "Durarbayli"]
[Black "CrushingKings"]
[Result "1-0"]
[WhiteElo "2895"]
[BlackElo "2567"]
[TimeControl "180+1"]
[EndTime "15:03:12 PDT"]
[Termination "Durarbayli won by checkmate"]

1. e4 g6 2. d4 Bg7 3. Nc3 c6 4. f4 d5 5. e5 f6 6. h3 Nh6 7. g4 O-O 8. Bg2 fxe5 9. dxe5 e6 10. Nf3 Nf7 11. O-O c5 12. Ne2 Nc6 13. c3 g5 14.
fxg5 Nfxe5 15. Nxe5 Nxe5 16. Be3 c4 17. Rxf8+ Qxf8 18. Qd2 Bd7 19. Rf1 Qe7 20. Nf4 Rf8 21. Qe2 Qxg5 22. Nxe6 Rxf1+ 23. Bxf1 Qh4 24. Nxg7 Qg3+ 25. Bg2 Bxg4 26. hxg4 Nxg4 27. Bd4 Qh3 28. Qe8# 1-0

[Event "Late-Titled-Tuesday-Blitz-August-29-2023"]
[Site "Chess.com"]
[Date "2023.08.29"]
[Round "6"]
[White "Karacsonyi_Gellert"]
[Black "betta2004"]
[Result "1/2-1/2"]
[WhiteElo "2833"]
[BlackElo "2569"]
[TimeControl "180+1"]
[EndTime "15:03:17 PDT"]
[Termination "Game drawn - insufficient material"]

1. e4 e5 2. Nf3 Nf6 3. d4 Nxe4 4. dxe5 d5 5. Nbd2 Nxd2 6. Qxd2 Nc6 7. b3 Bg4 8. Bb5 Bxf3 9. gxf3 Qd7 10. Bb2 a6 11.
Bxc6 Qxc6 12. O-O-O O-O-O 13. f4 Bc5 14. f5 d4 15. Qd3 Rhe8 16. f4 g6 17. Rhe1 gxf5 18. Qxf5+ Qe6 19. Qxh7 Rh8 20. Qe4 Rxh2 21. f5 Qh6+ 22.
Kb1 Rh4 23. Qd3 Bb6 24. e6 Rh3 25. Qe4 Re3 26. Rxe3 Qxe3 27. Re1 Qxe4 28. Rxe4 fxe6 29. fxe6 Re8 30. Kc1 c5 31. Kd2 Kc7 32. c3 dxc3+ 33. Bxc3 Kd6 34. b4 Rxe6 35. bxc5+ Bxc5 36. Rxe6+ Kxe6 37. Kc2 Kd5 38. Kb3 b5 39. a4 bxa4+ 40. Kxa4 Kc4 41. Ka5 Kxc3 42. Kxa6 1/2-1/2

[Event "Late-Titled-Tuesday-Blitz-August-29-2023"]
[Site "Chess.com"]
[Date "2023.08.29"]
[Round "6"]
[White "JoshuaGK27"]
[Black "HalfIsCrayfish"]
[Result "1-0"]
[WhiteElo "2414"]
[BlackElo "2515"]
[TimeControl "180+1"]
[EndTime "15:03:36 PDT"]
[Termination "JoshuaGK27 won by resignation"]

1. Nf3 d5 2. b3 c6 3. Bb2 Bf5 4. g3 Nf6 5. Bg2 h6 6. O-O e6 7.
d3 Bh7 8. Nbd2 Be7 9. c4 O-O 10. a3 a5 11. Ra2 Na6 12. Qa1 b5 13. Ne5 Qb6 14. e4 dxe4 15. Nxe4 Rfd8 16. Nxf6+ Bxf6 17. Nxc6 Bxb2 18. Qxb2 Bxd3 19. Rd1 bxc4 20. bxc4 Qxb2 21.
Rxb2 Nc5 22. Rb5 Bxc4 23. Nxd8 Bxb5 24. Bxa8 1-0

[Event "Late-Titled-Tuesday-Blitz-August-29-2023"]
[Site "Chess.com"]
[Date "2023.08.29"]
[Round "6"]
[White "LeninGuerra"]
[Black "Fandorine"]
[Result "0-1"]
[WhiteElo "2552"]
[BlackElo "2919"]
[TimeControl "180+1"]
[EndTime "15:03:37 PDT"]
[Termination "Fandorine won by checkmate"]

1. e4 c5 2. Nf3 e6 3. d4 cxd4 4. Nxd4 Nc6 5. Nc3 Qc7 6. Be3 a6 7. Qf3 h5 8. Nxc6 bxc6 9. Qg3 e5 10. Bc4 h4 11. Qf3 Nf6 12. h3 Rb8 13. Bb3 d6 14.
O-O Be6 15. Rfd1 Be7 16. Bg5 Rd8 17. Bxe6 fxe6 18. Bxf6 Bxf6 19. Qg4 Qf7 20. Qe2 Qb7 21. b3 O-O 22. Qc4 d5 23. Qe2 Qa7 24. Na4 Bg5 25.
c4 Rxf2 26. Qh5 Qe3 27. Kh1 Rxg2 28. Kxg2 Qg3+ 29. Kh1 Qxh3+ 30. Kg1 Be3# 0-1

[Event "Late-Titled-Tuesday-Blitz-August-29-2023"]
[Site "Chess.com"]
[Date "2023.08.29"]
[Round "6"]
[White "Schwindle"]
[Black "Orest_Vovk"]
[Result "0-1"]
[WhiteElo "2413"]
[BlackElo "2597"]
[TimeControl "180+1"]
[EndTime "15:03:38 PDT"]
[Termination "Orest_Vovk won by resignation"]

1. e4 g6 2. d4 Nf6 3. Nc3 d5 4. e5 Ne4 5. Nce2 f6 6. f3 Ng5 7.
Bxg5 fxg5 8. Qd2 g4 9. O-O-O Bg7 10. Kb1 O-O 11. f4 Bf5 12. Ng3 e6 13. Nxf5 Rxf5 14. Bd3 Rf7 15. g3 c5 16. c3 cxd4 17. cxd4 Nc6 18.
Bc2 Qa5 19. Qe3 Rc8 20. a3 Rfc7 21. Bd3 Qa4 22. Ne2 Na5 23. h3 gxh3 24. g4 Bf8 25. f5 Bxa3 26. fxg6 Bxb2 27. Kxb2 Rc2+ 0-1

[Event "Late-Titled-Tuesday-Blitz-August-29-2023"]
[Site "Chess.com"]
[Date "2023.08.29"]
[Round "6"]
[White "Ajedrez_con_German"]
[Black "The_Straightforward_Rook"]
[Result "1-0"]
[WhiteElo "2666"]
[BlackElo "2497"]
[TimeControl "180+1"]
[EndTime "15:03:45 PDT"]
[Termination "Ajedrez_con_German won by resignation"]

1. b3 e5 2. Bb2 Nc6 3. c4 d5 4.
cxd5 Qxd5 5. Nc3 Qe6 6. e3 Bd7 7. Bc4 Qg6 8. Qf3 Nh6 9. Nge2 O-O-O 10. h3 f5 11. O-O Bd6 12. Qg3 Qh5 13. f4 exf4 14.
Nxf4 Qe8 15. Qxg7 Bxf4 16. exf4 Qg6 17. Nd5 Rhe8 18. Qxg6 hxg6 19. Bf6 Be6 20. Bxd8 Rxd8 21. Ne7+ Nxe7 22. Bxe6+ Kb8 23. Rfe1 c6 24. Bc4 Nd5 25. Bxd5 Rxd5 26. Re6 Nf7 27. Re8+ 1-0

[Event "Late-Titled-Tuesday-Blitz-August-29-2023"]
[Site "Chess.com"]
[Date "2023.08.29"]
[Round "6"]
[White "SchmakAttack"]
[Black "OparinGrigoriy"]
[Result "0-1"]
[WhiteElo "2779"]
[BlackElo "2973"]
[TimeControl "180+1"]
[EndTime "15:03:47 PDT"]
[Termination "OparinGrigoriy won by resignation"]

1. e4 e5 2. Nf3 Nc6 3. Bb5 a6 4. Ba4 d6 5. c3 f5 6. exf5 Bxf5 7.
O-O Bd3 8. Re1 Be7 9. Na3 Nh6 10. Re3 e4 11. Ne1 O-O 12. Nxd3 exd3 13. Bxc6 bxc6 14. Rxd3 d5 15. Nc2 Bd6 16. Rf3 Qh4 17. g3 Qh3 18. Ne3 Rxf3 19. Qxf3 Rf8 20. Qe2 Nf7 21. Qg4 Qh6 22. d4 Qf6 23. Qf5 Qe7 24. Qh5 Ng5 25. Qd1 Nf3+ 26. Kg2 Qe4 27. Qc2 Ne1+ 0-1

[Event "Late-Titled-Tuesday-Blitz-August-29-2023"]
[Site "Chess.com"]
[Date "2023.08.29"]
[Round "6"]
[White "jefferyx"]
[Black "JoakimVonAnd"]
[Result "1/2-1/2"]
[WhiteElo "3023"]
[BlackElo "2742"]
[TimeControl "180+1"]
[EndTime "15:03:48 PDT"]
[Termination "Game drawn by repetition"]

1. e4 c6 2. d4 d5 3. exd5 cxd5 4.
c4 Nf6 5. Nc3 g6 6. Qb3 Bg7 7.
cxd5 O-O 8. Be2 Na6 9. Bf3 b5 10.
Nge2 b4 11. Na4 Bb7 12. O-O Bxd5 13. Bxd5 Qxd5 14. Bf4 Rfd8 15. Be5 Ne4 16. Bxg7 Kxg7 17. Qe3 Rd7 18. Rfd1 Nd6 19. Nc5 Nf5 20. Qb3 Nxc5 21. dxc5 Qxb3 22. axb3 Rxd1+ 23. Rxd1 Rc8 24. Rc1 Kf6 25.
g4 Nh4 26. f4 Nf3+ 27. Kf2 Nd2 28. Nd4 Rxc5 29. Ra1 Rd5 30. Ra6+ Kg7 31. Ke3 Nf1+ 32. Ke4 e6 33. Rxa7 Nd2+ 34. Ke3 Nf1+ 35. Ke4 Nd2+ 36. Ke3 Nf1+ 37. Ke4 1/2-1/2

[Event "Late-Titled-Tuesday-Blitz-August-29-2023"]
[Site "Chess.com"]
[Date "2023.08.29"]
[Round "6"]
[White "Elsa167"]
[Black "burbur555"]
[Result "1-0"]
[WhiteElo "2881"]
[BlackElo "2576"]
[TimeControl "180+1"]
[EndTime "15:03:50 PDT"]
[Termination "Elsa167 won by resignation"]

1. d4 d5 2. c4 c6 3. cxd5 cxd5 4. Bf4 e6 5. Nc3 Bd6 6. Bxd6 Qxd6 7. e3 a6 8. Bd3 b5 9. Rc1 Nf6 10. Nxb5 Qb4+ 11. Qd2 Qxd2+ 12. Kxd2 O-O 13. Nc3 Nbd7 14. f4 Nb6 15. Nf3 Bd7 16. Ne5 Rfb8 17. b3 Be8 18.
g4 a5 19. g5 Nfd7 20. a4 Nxe5 21. dxe5 Nc8 22. Bb5 Kf8 23. Bxe8 Kxe8 24. Nb5 Kf8 25. Rc7 Ne7 26. Rhc1 Rd8 27. Nd6 Rab8 28. R1c3 Rb6 29.
Ra7 f6 30. Rcc7 1-0

[Event "Late-Titled-Tuesday-Blitz-August-29-2023"]
[Site "Chess.com"]
[Date "2023.08.29"]
[Round "6"]
[White "GreatOwl02"]
[Black "arenal72"]
[Result "0-1"]
[WhiteElo "2385"]
[BlackElo "2520"]
[TimeControl "180+1"]
[EndTime "15:03:51 PDT"]
[Termination "arenal72 won by resignation"]

1. d4 d6 2. c4 e5 3. Nc3 exd4 4. Qxd4 Nc6 5. Qd2 Nf6 6. g3 Be6 7. e4 Be7 8. Nf3 O-O 9. Be2 Nd7 10. O-O a5 11. b3 Nc5 12. Ba3 Bf6 13. Rac1 Bxc3 14. Qxc3 Nxe4 15. Qe3 Nf6 16. Rfd1 Re8 17. Qf4 Bg4 18.
Bd3 Bxf3 19. Qxf3 Ne5 20. Qxb7 a4 21. b4 Nxd3 22. Rxd3 Re2 23. Qf3 Qe8 24. c5 d5 25.
Rcd1 c6 26. R1d2 Rxd2 27. Rxd2 Qe1+ 28. Kg2 Qxd2 0-1

[Event "Late-Titled-Tuesday-Blitz-August-29-2023"]
[Site "Chess.com"]
[Date "2023.08.29"]
[Round "6"]
[White "ritanovikova"]
[Black "Young_Catalan_Player09"]
[Result "0-1"]
[WhiteElo "2162"]
[BlackElo "2438"]
[TimeControl "180+1"]
[EndTime "15:03:52 PDT"]
[Termination "Young_Catalan_Player09 won by checkmate"]

1. d4 e6 2. Bf4 Nf6 3. Nf3 d5 4. c3 c5 5. e3 Nc6 6. Bb5 Qb6 7. Qb3 c4 8. Qa4 Bd7 9. b3 a6 10. bxc4 dxc4 11. Bxc4 Nxd4 12. Qd1 Nxf3+ 13. Qxf3 Qb2 14. O-O Qxa1 15. Qe2 Bb5 16. Bxb5+ axb5 17. Qxb5+ Nd7 18. Rd1 O-O-O 19. Qa4 Nb6 20. Rxd8+ Kxd8 21. Qd1+ Kc8 22. Qb3 Bc5 23. g4 Rd8 24. Kg2 Rd1 25. Na3 Rg1+ 26. Kh3 Qd1 27. Qb2 Qxg4# 0-1

[Event "Late-Titled-Tuesday-Blitz-August-29-2023"]
[Site "Chess.com"]
[Date "2023.08.29"]
[Round "6"]
[White "kiwibobo"]
[Black "Bilan_Danila"]
[Result "0-1"]
[WhiteElo "2366"]
[BlackElo "2477"]
[TimeControl "180+1"]
[EndTime "15:03:58 PDT"]
[Termination "Bilan_Danila won by resignation"]

1. e4 c6 2. d4 d5 3. Nc3 b5 4. a3 e6 5. Nf3 b4 6. axb4 Bxb4 7.
Bd2 a5 8. Bd3 Ba6 9. Qe2 Ne7 10.
O-O O-O 11. e5 Bxd3 12. Qxd3 c5 13. dxc5 Bxc5 14. Ng5 Ng6 15. Rfe1 Nc6 16. Qb5 Qb6 17. Qe2 Ncxe5 18. Na4 Qc6 19. Nxc5 Qxc5 20. Be3 Qc4 21. Qh5 h6 22. Nf3 Nxf3+ 23. Qxf3 Qxc2 24. Bd4 Rfc8 25.
h3 a4 26. Qg3 Qf5 27. Re3 Qf4 28. Qxf4 Nxf4 29. Rea3 Ne2+ 0-1

[Event "Late-Titled-Tuesday-Blitz-August-29-2023"]
[Site "Chess.com"]
[Date "2023.08.29"]
[Round "6"]
[White "AlexOstrovskiy"]
[Black "el_sporco"]
[Result "1-0"]
[WhiteElo "2655"]
[BlackElo "2424"]
[TimeControl "180+1"]
[EndTime "15:04:04 PDT"]
[Termination "AlexOstrovskiy won by resignation"]

1. e4 c5 2. b3 b6 3. Bb2 Bb7 4. Nc3 Nc6 5. f4 d6 6. Nf3 g6 7. d4 cxd4 8. Nxd4 Bg7 9. Nxc6 Bxc6 10. Bd3 Nf6 11. Qe2 Rc8 12. O-O-O Qc7 13. Kb1 O-O 14. Rhe1 Nd7 15. h4 Bxc3 16. Bxc3 Bxe4 17. Bb2 Bxd3 18. Rxd3 Nc5 19. Re3 Ne6 20. f5 Nf4 21. Qd2 Qc6 22. Rc3 Qxg2 23. Qxf4 Rxc3 24. Bxc3 Rc8 25. Qd4 f6 26. fxg6 e5 27. gxh7+ Kxh7 28. Qd3+ Kg7 29. Re3 1-0